 Dungeon Crawl Stone Soup version 0.31-a0-229-g1fc7ce93e2 (webtiles) character file.

Game seed: 18207943145169326779

267 qw the Shooter (level 6, -4/37 HPs)
             Began as a Gargoyle Hexslinger on July 6, 2023.
             Splashed by a jelly's acid (11 damage)
             ... while paralysed by Ijyb
             ... on level 4 of the Dungeon.
             The game lasted 00:00:57 (2515 turns).

qw the Shooter (Gargoyle Hexslinger)                Turns: 2515, Time: 00:00:58

Health: -4/37      AC: 13    Str: 12    XL:     6   Next: 21%
Magic:  7/7        EV:  2    Int: 17    God:
Gold:   131        SH:  0    Dex: 14    Spells: 6/7 levels left

rFire   + . .        b - +3 sling (heavy)
rCold   . . .        (no shield)
rNeg    + + .        e - +1 ring mail "Pamankacs" {rF+}
rPois   inf          c - +0 helmet
rElec   +            f - +0 cloak of Aniadas {Contam rN+ Int+4 Stlth+}
rCorr   .            d - +0 pair of gloves
SInv    .            (no boots)
Will    .....        i - amulet of the acrobat
Stlth   ++           (no ring)
HPRegen 0.26/turn    (no ring)
MPRegen 0.10/turn

%: acrobat
@: paralysed
A: sickness immunity, AC +4, negative energy resistance 1, electricity
resistance, torment resistance 1, petrification resistance
a: no special abilities


You were on level 4 of the Dungeon.
You visited 1 branch of the dungeon, and saw 4 of its levels.

You collected 155 gold pieces.
You spent 24 gold pieces at shops.


Innate Abilities, Weirdness & Mutations

You are immune to sickness and miasma.
Your stone body is resilient. (AC +4)
You are immune to poison.
You resist negative energy. (rN+)
You are resistant to electric shocks. (rElec)
You are resistant to unholy torment.
You are immune to petrification.


   Skills:
 - Level 3.3 Fighting
 + Level 5.4 Ranged Weapons
 - Level 1.0 Armour
 - Level 1.5 Dodging
 - Level 1.0 Spellcasting
 - Level 2.6 Hexes


You had 6 spell levels left.
You knew the following spells:

 Your Spells              Type           Power      Damage    Failure   Level
a - Slow                  Hex            36%        N/A       16%         1

Your spell library contained the following spells:

 Spells                   Type           Power      Damage    Failure   Level
 Inner Flame              Hex/Fire       5%         N/A       63%         3
 Portal Projectile        Hex/Tloc       10%        N/A       63%         3
 Cause Fear               Hex            4%         N/A       85%         4

Inventory:

Hand Weapons
 b - a +3 heavy sling (weapon)
Armour
 c - a +0 helmet (worn)
 d - a +0 pair of gloves (worn)
 e - the +1 ring mail "Pamankacs" (worn) {rF+}
   (You found it on level 3 of the Dungeon)

   rF:        It protects you from fire.
 f - the +0 cloak of Aniadas (worn) {Contam rN+ Int+4 Stlth+}
   (You acquired it on level 3 of the Dungeon)

   Int:       It affects your intelligence (+4).
   rN:        It protects you from negative energy.
   Contam:    It causes magical contamination when unequipped.
   Stlth:     It makes you more stealthy.
Jewellery
 i - an amulet of the acrobat (around neck)
Scrolls
 a - a scroll of identify
Potions
 k - a potion of mutation {unknown}

Dungeon Overview and Level Annotations

Branches:
Dungeon (4/15)
 Temple: D:4-7

Altars:

Shops:
D:2 ?

Annotations:
D:4 Ijyb, Sigmund


Message History

You kill the hound!
The jelly barely misses you.
Ijyb zaps a wand.
You suddenly lose the ability to move!
The jelly hits you but does no damage. Ijyb hits you but does no damage.
The adder bites you but does no damage.
Sigmund drinks a potion.
Sigmund seems to speed up.
The jelly hits you but does no damage. Ijyb hits you but does no damage.
An endoplasm comes into view.
You can move again.
You shoot a sling bullet. The endoplasm quivers.
The sling bullet hits Ijyb.
Ijyb is heavily wounded.
The adder misses you. The adder bites you. The jelly closely misses you.
Ijyb hits you but does no damage. Sigmund hits you but does no damage.
The adder bites you but does no damage.
You shoot a sling bullet. The sling bullet barely misses Ijyb.
Sigmund hits you from afar with a +0 scythe.
The jelly hits you but does no damage. Ijyb hits you but does no damage.
The adder closely misses you. The jelly hits you but does no damage.
Ijyb hits you but does no damage. Sigmund closely misses you.
The adder bites you but does no damage.
You shoot a sling bullet. The sling bullet barely misses Ijyb.
The adder closely misses you. Sigmund hits you but does no damage.
The jelly hits you but does no damage.
Ijyb zaps a wand.
You resist with some effort. The adder closely misses you.
Ijyb zaps a wand.
You suddenly lose the ability to move!
The jelly hits you but does no damage. Sigmund hits you but does no damage.
The adder bites you but does no damage. The jelly hits you but does no damage.
Ijyb hits you with a +0 dagger.
Sigmund hits you from afar with a +0 scythe.
The adder bites you but does no damage. The jelly hits you.
You are splashed with acid!
The adder bites you but does no damage. The endoplasm hits you.
Ijyb hits you but does no damage.
Sigmund hits you from afar with a +0 scythe.
The adder bites you but does no damage.
An endoplasm comes into view.
The jelly hits you.
You are splashed with acid!
You die...

# #. .### ..#
#S# #@#
......gJJ@.....
##.
###............
..
##...........
.###
#...........
....
#......#...J
..#
............
..#
#............
..#


You could see Sigmund (fast), Ijyb, a jelly, an adder and 2 endoplasms.

Vanquished Creatures
  A scorpion (D:3)
  A hound (D:4)
  An orc priest (D:3)
  An orc wizard (D:3)
  Robin (D:2)
  2 adders
  2 worms
  A dart slug (D:1)
  3 orcs (D:3)
  9 ball pythons
  10 bats
  8 endoplasms
  A giant cockroach (D:3)
  7 goblins
  10 hobgoblins
  9 kobolds
  3 quokkas
  4 frilled lizards
  8 rats
82 creatures vanquished.

Notes
Turn   | Place    | Note
-------+----------+-------------------------------------------
     0 | D:1      | qw the Gargoyle Hexslinger began the quest for the Orb.
     0 | D:1      | Reached XP level 1. HP: 12/12 MP: 2/2
     0 | D:1      | 0 ||| qw: Version: 0.3-a-46-gb1f654a
     0 | D:1      | 0 ||| qw: Game counter: 1582
     0 | D:1      | 0 ||| qw: Melee chars always use a shield: true
     0 | D:1      | 0 ||| qw: God list: Okawaru
     0 | D:1      | 0 ||| qw: Allow faded altars: false
     0 | D:1      | 0 ||| qw: Do Orc after clearing Dungeon:15 true
     0 | D:1      | 0 ||| qw: Do second Lair branch before Depths: true
     0 | D:1      | 0 ||| qw: Lair rune preference: random
     0 | D:1      | 0 ||| qw: Goals: Normal
     0 | D:1      | 0 ||| PLANNING D:1-11
    96 | D:1      | Reached XP level 2. HP: 16/16 MP: 3/3
   160 | D:1      | Reached skill level 3 in Ranged Weapons
   330 | D:1      | Reached XP level 3. HP: 21/21 MP: 4/4
   718 | D:1      | 718 ||| UPGRADING to +0 ring mail.
   728 | D:1      | 728 ||| DROPPING +0 robe.
   729 | D:1      | 729 ||| READING scroll labelled IPSIOPRIUPA.
   730 | D:1      | 730 ||| READING scroll labelled TUHEIG PAEFA.
   733 | D:1      | 733 ||| READING scroll labelled COUTHR XUAN WIN.
   748 | D:1      | 748 ||| DROPPING scroll of poison.
  1027 | D:2      | Found Itoeta's Magic Scroll Shop.
  1034 | D:2      | 1034 ||| SHOPLISTING scroll of enchant armour (90 gold,
                  | have 67).
  1034 | D:2      | 1034 ||| BUYING scroll of identify (24 gold).
  1034 | D:2      | Bought a scroll of identify for 24 gold pieces
  1043 | D:2      | 1043 ||| FLEEEEING.
  1044 | D:2      | 1044 ||| FLEEEEING.
  1045 | D:2      | 1045 ||| FLEEEEING.
  1046 | D:2      | 1046 ||| FLEEEEING.
  1047 | D:2      | 1047 ||| FLEEEEING.
  1048 | D:2      | 1048 ||| FLEEEEING.
  1049 | D:2      | 1049 ||| FLEEEEING.
  1050 | D:2      | 1050 ||| FLEEEEING.
  1051 | D:2      | 1051 ||| FLEEEEING.
  1052 | D:2      | 1052 ||| FLEEEEING.
  1053 | D:2      | 1053 ||| FLEEEEING.
  1054 | D:2      | 1054 ||| FLEEEEING.
  1055 | D:2      | 1055 ||| FLEEEEING.
  1058 | D:2      | 1058 ||| FLEEEEING.
  1059 | D:2      | 1059 ||| FLEEEEING.
  1125 | D:2      | 1125 ||| SWAPPING to +2 heavy sling.
  1126 | D:2      | 1126 ||| DROPPING +2 sling.
  1164 | D:2      | Reached XP level 4. HP: 26/26 MP: 5/5
  1181 | D:2      | Noticed Robin
  1185 | D:2      | Killed Robin
  1186 | D:2      | Reached skill level 4 in Ranged Weapons
  1276 | D:2      | Reached skill level 1 in Armour
  1707 | D:2      | 1707 ||| UPGRADING to +0 helmet.
  1712 | D:2      | 1712 ||| UPGRADING to +0 pair of gloves.
  1717 | D:2      | 1717 ||| READING scroll labelled ADUPOHISHE.
  1870 | D:3      | Found a faded altar of an unknown god.
  1885 | D:3      | Identified the +1 ring mail "Pamankacs" {rF+}
  1924 | D:3      | 1924 ||| READING scroll of enchant weapon.
  1924 | D:3      | 1924 ||| ENCHANTING +2 heavy sling.
  1984 | D:3      | 1984 ||| Stepping ~*~*~tactically~*~*~ (outnumbered).
  1994 | D:3      | Reached XP level 5. HP: 12/30 MP: 6/6
  1996 | D:3      | HP: 7/30 [something (2)]
  2000 | D:3      | Reached skill level 5 in Ranged Weapons
  2003 | D:3      | HP: 7/30 [scorpion (1)]
  2005 | D:3      | HP: 1/30 [scorpion (3)]
  2007 | D:3      | Reached skill level 3 in Fighting
  2008 | D:3      | Reached XP level 6. HP: 3/37 MP: 7/7
  2471 | D:3      | 2471 ||| UPGRADING to +1 ring mail "Pamankacs" {rF+}.
  2481 | D:3      | 2481 ||| DROPPING +0 ring mail.
  2482 | D:3      | 2482 ||| UPGRADING to amulet of the acrobat.
  2487 | D:3      | 2487 ||| DROPPING amulet of magic regeneration.
  2488 | D:3      | 2488 ||| READING 2 scrolls labelled ZUINE AMAA.
  2489 | D:3      | 2489 ||| READING scroll labelled BEAMNO VEAM.
  2489 | D:3      | Identified a scroll of acquirement
  2489 | D:3      | 2489 ||| ACQUIRING +0 cloak of Aniadas {Contam rN+ Int+4
                  | Stlth+}
  2489 | D:3      | Acquired the +0 cloak of Aniadas {Contam rN+ Int+4 Stlth+}
  2491 | D:3      | 2491 ||| UPGRADING to +0 cloak of Aniadas {Contam rN+ Int+4
                  | Stlth+}.
  2496 | D:3      | 2496 ||| READING scroll labelled DIQ OMIQAILEW.
  2497 | D:3      | 2497 ||| DROPPING scroll of amnesia.
  2505 | D:4      | Noticed Ijyb
  2506 | D:4      | Noticed Sigmund
  2508 | D:4      | Paralysed by Ijyb for 2 turns
  2512 | D:4      | Paralysed by Ijyb for 4 turns
  2514 | D:4      | HP: 9/37 [Sigmund/+0 scythe (1)]
  2515 | D:4      | Splashed by a jelly's acid

Levels and vault maps discovered:
D:1:      nicolae_arrival_washed_ashore, layout_loops_ring, amethyst_killhole,
          chequers_arboretum
D:2:      layout_basic, serial_shops, shop, glass_columns_a, uniq_robin
D:3:      minmay_chambers_of_twos, layout_basic,
          hellmonk_ecumenical_altar_pennies_from_heaven, grunt_decor_resistance
D:4:      layout_rooms, kennysheep_mini, lemuel_coloured_pillars_altar,
          tgw_fedhas, minmay_temple_entry_trees, uniq_edmund, uniq_sigmund,
          uniq_ijyb, uniq_grinder

Skill      XL: |  1  2  3  4  5 |
---------------+----------------+-----
Ranged Weapons | 3 4 5 |  5.4
Fighting       | 2 3 |  3.3
Armour         | 1 |  1.0
Dodging        | |  1.5
Spellcasting   | |  1.0
Hexes          | |  2.6

Action                     |  1- 3 |  4- 6 || total
---------------------------+-------+-------++-------
   Fire: Sling             |   110 |   100 ||   210
    Use: Scroll            |     3 |     5 ||     8
 Armour: Robe              |     5 |       ||     5
         Ring mail         |    17 |    60 ||    77
  Dodge: Dodged            |    35 |    42 ||    77

Table legend:
 A = Non-vault XP
 B = Vault XP
 C = Vault XP percentage of total XP
 D = Non-vault monster count
 E = Vault monster count
 F = Vault count percentage of total count
                 A         B        C        D         E       F
            +---------+---------+-------+---------+---------+-------
      Total |     335 |      47 |  12.3 |      62 |      20 |  24.4
            +---------+---------+-------+---------+---------+-------
        D:1 |      48 |       0 |   0.0 |      28 |       0 |   0.0
        D:2 |      43 |      35 |  44.9 |      18 |      12 |  40.0
        D:3 |     201 |      12 |   5.6 |      15 |       8 |  34.8
        D:4 |      43 |       0 |   0.0 |       1 |       0 |   0.0
            +---------+---------+-------+---------+---------+-------
